 Dungeon Crawl Stone Soup version 0.24.0-125-gc4c63601f3 (webtiles) character file.

Game seed: 7158519468537439703, levelgen mode: deterministic

40 Curus the Cudgeler (level 3, -5/31 HPs)
             Began as a Minotaur Fighter on Mar 4, 2020.
             Killed from afar by a white imp (7 damage)
             ... with a puff of frost
             ... summoned by Natasha
             ... on level 3 of the Dungeon.
             The game lasted 00:04:16 (1122 turns).

Curus the Cudgeler (Minotaur Fighter)               Turns: 1122, Time: 00:04:18

Health: -5/31      AC:  9    Str: 25    XL:     3   Next: 30%
Magic:  2/2        EV:  3    Int:  6    God:
Gold:   108        SH:  9    Dex:  9    Spells: 2/2 levels left

rFire    . . .     SeeInvis .   a - +0 flail
rCold    . . .     Gourm    .   c - +0 shield
rNeg     . . .     Faith    .   e - +0 chain mail
rPois    .         Spirit   .   (helmet restricted)
rElec    .         Reflect  .   (no cloak)
rCorr    .         Harm     .   (no gloves)
MR       .....                  (no boots)
Stlth    ..........             (no amulet)
HPRegen  0.10/turn              (no ring)
MPRegen  0.08/turn              (no ring)

@: mighty, slowed, constricted, very slow
A: retaliatory headbutt, horns 2
a: no special abilities


You were on level 3 of the Dungeon.
You were not hungry.

You visited 1 branch of the dungeon, and saw 3 of its levels.

You collected 108 gold pieces.

Inventory:

Hand Weapons
 a - a +0 flail (weapon)
Armour
 b - a +0 scale mail
 c - a +0 shield (worn)
 e - a +0 chain mail (worn)
Scrolls
 g - a scroll of teleportation
 h - 2 scrolls of identify
 j - a scroll of remove curse
Potions
 i - a potion of haste
Comestibles
 f - 7 rations


   Skills:
 - Level 3.6 Fighting
 + Level 4.6 Maces & Flails
 - Level 3.6 Armour
 - Level 3.6 Shields


You had 2 spell levels left.
You didn't know any spells.
Your spell library was empty.

Dungeon Overview and Level Annotations

Branches:
Dungeon (3/15)

Altars:

Annotations:
D:3 Natasha


Innate Abilities, Weirdness & Mutations

You reflexively headbutt those who attack you in melee.
You have a pair of horns on your head.


Message History

The ball python constricts you.
You closely miss Natasha. Your headbutt misses Natasha.
Natasha is lightly wounded.
The ball python bites you but does no damage.
The ball python constricts you. You block Natasha's attack.
You block the white imp's attack.
The ball python bites you but does no damage.
The ball python constricts you.
Natasha wildly gestures.
Natasha glows brightly for a moment.
Natasha claws you but does no damage.
The white imp hits you but does no damage.
A rat comes into view.
You closely miss Natasha. Your headbutt misses Natasha.
Natasha is lightly wounded.
The ball python bites you but does no damage.
The ball python constricts you. Natasha claws you but does no damage.
The white imp gestures at you. The puff of frost hits you!
You die...

...... .###
......##...#
.....(.....#
...........####
..............#
....$.....[.#
.......$†...#
...?..h@S...#
......).5....r.
...............
.............#.
........[..#...
...##....... ..
### ######### .


You could see Natasha, a white imp, a ball python and a rat.

Vanquished Creatures
  An adder (D:2)
  2 leopard geckos
  5 bats
  A giant cockroach (D:2)
  5 goblins
  2 hobgoblins
  A quokka (D:2)
  3 frilled lizards
  4 kobolds
  6 rats
30 creatures vanquished.

Notes
Turn   | Place    | Note
-------+----------+-------------------------------------------
     0 | D:1      | Curus the Minotaur Fighter began the quest for the Orb.
     0 | D:1      | Reached XP level 1. HP: 19/19 MP: 0/0
    39 | D:1      | Reached skill level 3 in Maces & Flails
   341 | D:1      | Reached XP level 2. HP: 25/26 MP: 1/1
   795 | D:2      | Reached skill level 4 in Maces & Flails
   868 | D:2      | Reached XP level 3. HP: 31/31 MP: 2/2
  1106 | D:3      | Noticed Natasha
  1120 | D:3      | HP: 1/31 [ball python (1)]
  1122 | D:3      | Killed from afar by a white imp

Levels and vault maps discovered:
D:1:      wheals_arrival_shading, layout_loops_ring
D:2:      layout_rooms
D:3:      layout_rooms, grunt_temple_overflow_lords_of_destruction, uniq_natasha

Skill      XL: |  1  2 |
---------------+-------+-----
Maces & Flails | 3 4 |  4.6
Fighting       | |  3.6
Armour         | |  3.6
Shields        | |  3.6

Action                   || total
-------------------------++-------
Melee: Flail             ||    80
       Headbutt          ||     9
  Use: Scroll            ||     7
       Potion            ||     5
  Eat: Chunk             ||     1
Armor: Scale mail        ||     6
       Chain mail        ||    45
Dodge: Dodged            ||    21
Block: Shield            ||    38
